 Dungeon Crawl Stone Soup version 0.30-a0-867-g305f33218d (webtiles) character file.

Game seed: 16972224837235213204

49215 Newt the Markskobold (level 14, -11/79 HPs)
             Began as a Kobold Hunter on Mar 10, 2023.
             Was an Elder of Hepliaklqana.
             Mangled by a catoblepas (29 damage)
             ... on level 5 of the Lair of Beasts.
             The game lasted 00:23:25 (19189 turns).

Newt the Markskobold (Kobold Hunter)               Turns: 19189, Time: 00:23:25

Health: -11/79     AC: 10    Str:  8    XL:     14   Next: 91%
Magic:  0/23       EV: 36    Int: 11    God:    Hepliaklqana [****..]
Gold:   1043       SH:  0    Dex: 29    Spells: 25/25 levels left

rFire   . . .      SeeInvis .    a - +3 shortbow (flame)
rCold   + . .      Faith    .    (shield currently unavailable)
rNeg    . . .      Spirit   +    x - +0 steam dragon scales
rPois   .          Reflect  .    S - +0 hat of Protective Custody {rC+ Will++}
rElec   .          Rampage  .    M - scarf {repulsion}
rCorr   .                        G - +0 pair of gloves {hurl}
Will    +++..                    Q - +2 pair of boots
Stlth   ++++                     H - amulet of guardian spirit
HPRegen 0.33/turn                u - +6 ring of dexterity
MPRegen 0.18/turn                q - +5 ring of evasion

@: about to teleport, repel missiles
A: reduced essence, small, no large weapons, nightstalker 3
a: Renounce Religion, Recall Ancestor, Ancestor Identity, Transference, Idealise


You were on level 5 of the Lair of Beasts.
You worshipped Hepliaklqana.
Hepliaklqana was greatly pleased with you.
You visited 3 branches of the dungeon, and saw 17 of its levels.
You also visited: Sewer.

You collected 1235 gold pieces.
You spent 192 gold pieces at shops.

Inventory:

Hand Weapons
 a - a +3 shortbow of flaming (weapon)
Missiles
 I - 10 boomerangs
Armour
 c - a +1 leather armour
 x - +0 steam dragon scales (worn)
 A - a +2 ring mail of fire resistance
 D - a +0 pair of boots
 G - a +0 pair of gloves of hurling (worn)
 K - +0 swamp dragon scales
 M - a scarf of repulsion (worn)
 Q - a +2 pair of boots (worn)
 S - the +0 hat of Protective Custody (worn) {rC+ Will++}
   (You acquired it on level 5 of the Lair of Beasts)

   rC:        It protects you from cold.
   Will:      It greatly increases your willpower.
 T - +0 acid dragon scales
Jewellery
 e - a ring of protection from cold
 f - a ring of see invisible
 q - a +5 ring of evasion (right hand)
 u - a +6 ring of dexterity (left hand)
 y - a +6 ring of intelligence
 B - a ring of wizardry
 E - a ring of resist corrosion
 H - an amulet of guardian spirit (around neck)
 L - an amulet of faith
 U - a +6 ring of intelligence
 W - a ring of willpower
 Y - a ring of willpower
Wands
 r - a wand of paralysis (18)
 J - a wand of roots (4)
 R - a wand of acid (7)
Scrolls
 b - 2 scrolls of immolation
 g - 9 scrolls of magic mapping
 h - 3 scrolls of vulnerability
 i - 2 scrolls of enchant armour
 n - 5 scrolls of teleportation
 C - a scroll of brand weapon
 F - 5 scrolls of identify
 O - a scroll of butterflies
 V - a scroll of fog
 Z - a scroll of silence
Potions
 d - 3 potions of heal wounds
 j - 5 potions of curing
 k - a potion of haste
 l - 3 potions of magic
 m - 4 potions of attraction
 o - 3 potions of mutation
 p - a potion of flight
 s - 2 potions of brilliance
 t - 3 potions of might
 v - 4 potions of lignification
 w - 7 potions of ambrosia
 z - a potion of resistance
 N - a potion of cancellation
 P - 3 potions of berserk rage


   Skills:
 - Level 10.0 Fighting
 + Level 19.6 Ranged Weapons
 - Level 4.0 Armour
 - Level 14.0 Dodging
 - Level 1.3 Stealth
 - Level 6.0 Spellcasting
 - Level 9.0 Invocations
 - Level 10.0 Evocations


You had 25 spell levels left.
You didn't know any spells.
Your spell library contained the following spells:

 Spells                   Type           Power      Damage    Failure   Level
 Apportation              Tloc           6%         N/A       19%         1
 Magic Dart               Conj           12%        1d3       19%         1
 Necrotise                Necr           12%        1d4       19%         1
 Slow                     Hex            12%        N/A       19%         1
 Summon Small Mammal      Summ           12%        N/A       19%         1
 Blink                    Tloc           6%         N/A       28%         2
 Call Imp                 Summ           3%         N/A       28%         2
 Lesser Beckoning         Tloc           6%         N/A       28%         2
 Confusing Touch          Hex            3%         N/A       50%         3
 Gell's Gravitas          Tloc           3%         N/A       50%         3
 Mephitic Cloud           Conj/Pois/Air  3%         N/A       50%         3
 Teleport Other           Tloc           3%         N/A       50%         3
 Tukima's Dance           Hex            3%         N/A       50%         3
 Vampiric Draining        Necr           3%         2d6       50%         3
 Airstrike                Air            1%         2d(1-17)  88%         4
 Manifold Assault         Tloc           3%         N/A       88%         4
 Passage of Golubria      Tloc           3%         N/A       88%         4
 Summon Lightning Spire   Summ/Air       3%         N/A       88%         4
 Lightning Bolt           Conj/Air       1%         1d12      99%         5
 Yara's Violent Unravell  Hex/Tmut       1%         3d3       99%         5
 Storm Form               Tmut/Air       1%         N/A       100%        7


Dungeon Overview and Level Annotations

Branches:
Dungeon (11/15)            Temple (1/1) D:6            Lair (5/5) D:10
  Swamp (0/4) Lair:2        Snake (0/4) Lair:3        Slime (0/5) Lair:4
    Orc (0/2) D:11          Sewer (visited)

Altars:
Ashenzari
Cheibriados
Dithmenos
Elyvilon
Fedhas
Gozag
Hepliaklqana
Kikubaaqudgha
Makhleb
Nemelex Xobeh
Okawaru
Qazlal
Ru
Sif Muna
Trog
Uskayaw
Vehumet
Wu Jian
Xom
Yredelemnul
Zin
The Shining One
Jiyva

Shops:
D:8 (   D:11 ([

Annotations:
Lair:2 exclusion: 2 oklob plants


Innate Abilities, Weirdness & Mutations

Your life essence is reduced to manifest your ancestor. (-10% HP)
You are small and have problems with some larger weapons.
You are completely attuned to the shadows.


Message History

Necuametl hits the blink frog with a +0 flail!
The catoblepas gores you!! The blink frog barely misses you.
Necuametl hits the blink frog with a +0 flail!
The blink frog hits you but does no damage.
The catoblepas breathes a plume of calcifying dust at you.
The blast of calcifying dust hits you but does no damage.
You are engulfed in calcifying dust.
The blink frog stops moving altogether!
The blink frog blinks!
The catoblepas gores you!!
* * * LOW HITPOINT WARNING * * *
Necuametl hits the blink frog with a +0 flail!
You are engulfed in calcifying dust.
The catoblepas gores you!
* * * LOW HITPOINT WARNING * * *
You are engulfed in calcifying dust.
The catoblepas gores you but does no damage.
Necuametl hits the blink frog with a +0 flail!
You are engulfed in calcifying dust.
The catoblepas gores you!!
* * * LOW HITPOINT WARNING * * *
Necuametl hits the blink frog with a +0 flail.
You turn to flesh and can move again.
Unknown command.
Unknown command.
Unknown command.
Unknown command.
You feel much better. The catoblepas gores you!
* * * LOW HITPOINT WARNING * * *
Necuametl blocks the blink frog's attack.
Necuametl hits the blink frog with a +0 flail!
The blink frog barely misses Necuametl.
The catoblepas breathes a plume of calcifying dust at you.
The blast of calcifying dust hits you.
* * * LOW HITPOINT WARNING * * *
As you read the scroll of teleportation, it crumbles to dust.
You feel strangely unstable.
The catoblepas breathes a plume of calcifying dust at you.
The blast of calcifying dust hits you but does no damage.
The blink frog barely misses Necuametl.
Necuametl blocks the blink frog's attack.
Unknown command.
The catoblepas gores you!!
You die...

##......§..#######
#..[.....#...#P..##
#.#......F.#.......#
.........##.R.#.#...###
......)..##...........#
........#.FFF.#......#
#..RF.#.#...§#
#.§Y..#####§.##
........##§§.@.#...#§..#
.Y......###§####...#§.P#
..kSD.# ######...Y...#
#....# ##..P#.#.#..##
#.<..# #....#÷÷...P#
#....$# ##....÷#....#
##.S..###...#.....###
#!..###..§...#....#
....###k§#.#.#..###


You could see the friendly Necuametl the knight, a catoblepas (ally target) and
4 blink frogs.

Vanquished Creatures
  An anaconda (Lair:4)
  2 catoblepae (Lair:5)
  3 hydras
  11 death yaks
  A two-headed ogre (D:9)
  Urug (Lair:4)
  A fire crab (Lair:4)
  Pikel (D:6)
  3 manticores
  A salamander (Lair:3)
  8 elephants
  3 black mambas (Lair:4)
  Maggie (D:9)
  8 cane toads
  Psyche (D:8)
  5 rime drakes
  10 komodo dragons
  2 trolls
  A queen bee (Lair:2)
  Grinder (D:4)
  A hornet (Lair:4)
  A dream sheep (Lair:5)
  10 blink frogs
  3 slime creatures (D:11)
  A vampire (D:11)
  29 yaks
  8 wyverns
  4 basilisks
  2 steam dragons
  23 water moccasins
  An acid dragon (D:10)
  3 black bears
  An ice beast (D:6)
  4 orc warriors
  Pargi (D:4)
  2 centaurs
  13 wolves
  A phantom (D:5)
  9 bullfrogs
  6 scorpions
  36 killer bees
  2 electric eels
  3 howler monkeys
  6 hounds
  8 jellies
  3 lava snakes (Lair:3)
  6 orc priests
  3 gnoll boudas
  3 sleepcaps
  7 iguanas
  16 orc wizards
  A hell rat (Lair:1)
  11 gnolls
  9 river rats (Lair:1)
  5 adders
  A shadow imp (D:5)
  A white imp (D:6)
  3 ufetubi
  A worm (D:5)
  A dart slug (D:1)
  43 orcs
  7 ball pythons
  7 endoplasms
  3 giant cockroaches
  6 hobgoblins
  4 jackals (Sewer)
  6 kobolds
  7 quokkas
  6 bats
  2 frilled lizards (D:1)
  6 goblins
  8 rats
419 creatures vanquished.

Vanquished Creatures (collateral kills)
  The ghost of mitch45678 the Basher, a journeyman AtCK of Okawaru (Lair:2)
  2 death yaks
  A skyshark (Lair:2)
  An elephant (Lair:4)
  A cane toad (Lair:2)
  A torpor snail (Lair:5)
  A komodo dragon (Lair:2)
  A blink frog (Lair:5)
  A dream sheep (Lair:5)
  A wraith (D:10)
  2 basilisks
  7 yaks
  A wyvern (Lair:3)
  2 water moccasins
  An orc warrior (D:11)
  3 wolves (Lair:2)
  A centaur (D:8)
  A bullfrog (Lair:3)
  5 killer bees
  2 howler monkeys (D:8)
  A jelly (Lair:4)
  A hell rat (Lair:1)
  A gnoll (D:9)
  A river rat (Lair:1)
  5 orcs
45 creatures vanquished.

Vanquished Creatures (others)
  An ancestor (D:8)
  11 knights
  A bush (Lair:2)
  16 fungi
  32 plants
  2 withered plants (Lair:2)
63 creatures vanquished.

Grand Total: 527 creatures vanquished

Notes
Turn   | Place    | Note
-------+----------+-------------------------------------------
     0 | D:1      | Newt the Kobold Hunter began the quest for the Orb.
     0 | D:1      | Reached XP level 1. HP: 12/12 MP: 1/1
    26 | D:1      | Reached XP level 2. HP: 15/18 MP: 2/2
   600 | D:1      | Reached XP level 3. HP: 23/23 MP: 3/3
  1440 | D:2      | Reached XP level 4. HP: 30/30 MP: 4/4
  2365 | D:3      | Reached skill level 5 in Fighting
  2365 | D:3      | Reached XP level 5. HP: 14/35 MP: 5/5
  2777 | D:3      | Found a faded altar of an unknown god.
  3166 | D:4      | Noticed Pargi
  3180 | D:4      | Killed Pargi
  3181 | D:4      | Reached skill level 7 in Ranged Weapons
  3181 | D:4      | Reached XP level 6. HP: 15/40 MP: 6/6
  3613 | D:4      | Reached skill level 8 in Ranged Weapons
  3921 | D:4      | Noticed Grinder
  3929 | D:4      | Killed Grinder
  3930 | D:4      | Reached skill level 9 in Ranged Weapons
  3930 | D:4      | Reached XP level 7. HP: 37/44 MP: 7/7
  4049 | D:4      | Reached skill level 10 in Ranged Weapons
  4331 | D:5      | Entered Level 5 of the Dungeon
  4348 | D:5      | Reached XP level 8. HP: 39/49 MP: 8/8
  4388 | D:5      | Found a glowing drain.
  4395 | Sewer    | Entered a sewer
  4530 | Sewer    | Reached skill level 5 in Dodging
  4875 | D:5      | Reached skill level 1 in Evocations
  5542 | D:5      | Found an iron altar of Okawaru.
  5570 | D:5      | Found a glowing silver altar of Zin.
  5584 | D:5      | Reached skill level 5 in Evocations
  5818 | D:5      | Reached XP level 9. HP: 54/54 MP: 9/9
  5837 | D:5      | Reached skill level 1 in Armour
  5938 | D:5      | Found a shimmering altar of Xom.
  5938 | D:5      | Found a shimmering altar of Xom.
  5938 | D:5      | Found a shimmering altar of Xom.
  5944 | D:5      | Found an ancient bone altar of Kikubaaqudgha.
  5944 | D:5      | Found a glowing golden altar of the Shining One.
  5944 | D:5      | Found a sacrificial altar of Ru.
  6161 | D:6      | Found a broken altar of Ashenzari.
  6720 | D:6      | Found a staircase to the Ecumenical Temple.
  6732 | Temple   | Entered the Ecumenical Temple
  6857 | Temple   | Became a worshipper of Hepliaklqana the Forgotten
  6974 | D:6      | Noticed Pikel
  6982 | D:6      | Killed Pikel
  6983 | D:6      | Reached skill level 11 in Ranged Weapons
  7617 | D:7      | Reached skill level 12 in Ranged Weapons
  7913 | D:7      | Reached XP level 10. HP: 59/59 MP: 10/10
  7983 | D:7      | Reached * piety under Hepliaklqana
  8264 | D:8      | Reached skill level 13 in Ranged Weapons
  8264 | D:8      | Found Raqaytt's Hydra Hut.
  8266 | D:8      | Noticed a four-headed hydra
  8679 | D:9      | Reached skill level 14 in Ranged Weapons
  8914 | D:8      | Noticed Psyche
  8920 | D:8      | Killed Psyche
  9013 | D:8      | Found a shadowy altar of Dithmenos.
  9179 | D:8      | Found an ornate altar of the Wu Jian Council.
  9181 | D:8      | Found an opulent altar of Gozag.
  9181 | D:8      | Found a basalt altar of Yredelemnul.
  9181 | D:8      | Found a white marble altar of Elyvilon.
  9181 | D:8      | Found a shimmering blue altar of Sif Muna.
  9182 | D:8      | Found a radiant altar of Vehumet.
  9183 | D:8      | Found a burning altar of Makhleb.
  9321 | D:8      | Found a hide-covered altar of Uskayaw.
  9432 | D:8      | Reached ** piety under Hepliaklqana
  9433 | D:8      | Remembered your ancestor Necuametl as a knight
  9726 | D:9      | Reached skill level 10 in Dodging
  9814 | D:9      | Reached XP level 11. HP: 57/57 MP: 11/11
 10140 | D:9      | Noticed a two-headed ogre
 10147 | D:9      | Killed a two-headed ogre
 10336 | D:9      | Noticed Maggie
 10339 | D:9      | Killed Maggie
 10606 | D:10     | Entered Level 10 of the Dungeon
 10885 | D:10     | You fall into a shaft and drop 1 floor!
 10949 | D:11     | Reached skill level 5 in Spellcasting
 11052 | D:11     | Found Uprideatt's Weapon Shoppe.
 11053 | D:11     | Found a staircase to the Orcish Mines.
 11067 | D:11     | Found Bounavuv's Armour Shoppe.
 11090 | D:11     | Bought a scarf of repulsion for 192 gold pieces
 11468 | D:11     | Reached skill level 1 in Invocations
 11648 | D:10     | Reached *** piety under Hepliaklqana
 12116 | D:10     | Found a staircase to the Lair.
 12185 | Lair:1   | Entered Level 1 of the Lair of Beasts
 12283 | Lair:1   | Reached skill level 5 in Invocations
 12388 | Lair:1   | Reached XP level 12. HP: 65/65 MP: 21/21
 12738 | Lair:1   | Reached **** piety under Hepliaklqana
 13295 | Lair:2   | Reached skill level 15 in Ranged Weapons
 13499 | Lair:2   | Reached skill level 16 in Ranged Weapons
 13529 | Lair:2   | Found a staircase to the Swamp.
 13545 | Lair:2   | Noticed a death yak
 13545 | Lair:2   | Noticed a death yak
 13545 | Lair:2   | Noticed a death yak
 13545 | Lair:2   | Noticed a death yak
 13564 | Lair:2   | Killed a death yak
 13581 | Lair:2   | Killed a death yak
 13583 | Lair:2   | Noticed a death yak
 13595 | Lair:2   | Killed a death yak
 13596 | Lair:2   | Reached skill level 17 in Ranged Weapons
 13603 | Lair:2   | Killed a death yak
 13604 | Lair:2   | Killed a death yak
 13807 | Lair:2   | Noticed a skyshark
 13817 | Lair:2   | Killed a skyshark
 13818 | Lair:2   | Reached skill level 18 in Ranged Weapons
 13877 | Lair:2   | Reached XP level 13. HP: 71/71 MP: 19/22
 13986 | Lair:2   | Reached skill level 10 in Fighting
 14228 | Lair:2   | Found a runed translucent door.
 14228 | Lair:2   | Noticed mitch45678's ghost (journeyman AtCK)
 15044 | Lair:2   | Killed mitch45678's ghost
 15624 | Lair:3   | Noticed a six-headed hydra
 15628 | Lair:3   | Killed a six-headed hydra
 15895 | Lair:3   | Found a staircase to the Snake Pit.
 16529 | Lair:4   | Found a runed translucent door.
 16571 | Lair:4   | Found a viscous altar of Jiyva.
 16572 | Lair:4   | Found a staircase to the Slime Pits.
 16791 | Lair:4   | Noticed Urug
 16799 | Lair:4   | Killed Urug
 16800 | Lair:4   | Reached XP level 14. HP: 79/79 MP: 23/23
 16817 | Lair:4   | Reached ***** piety under Hepliaklqana
 17645 | Lair:4   | Identified the +10 halberd "Haocean" {heavy, rC- rCorr
                  | Int+4}
 17686 | Lair:5   | Entered Level 5 of the Lair of Beasts
 18073 | Lair:4   | Reached skill level 10 in Evocations
 18797 | Lair:5   | Reached skill level 19 in Ranged Weapons
 19018 | Lair:5   | Identified a scroll of acquirement
 19020 | Lair:5   | Acquired the +0 hat of Protective Custody {rC+ Will++}
 19189 | Lair:5   | Mangled by a catoblepas

Illustrated notes

Levels and vault maps discovered:
D:1:      onia_arrival_pentagram, layout_rooms
D:2:      layout_basic
D:3:      layout_loops_ring, shapermc_ecumenical_altar_gd,
          serial_co_window_serial, co_window_paths_a,
          co_window_of_opportunity_a, co_window_paths_a,
          co_window_of_opportunity_a, co_window_of_opportunity_a,
          co_window_corner_a, co_window_corner_a, co_window_of_opportunity_b,
          co_window_corner_b, co_window_cross_3, co_window_of_opportunity_b,
          glass_columns_b, glass_columns_b, glass_columns_a
D:4:      layout_cave_pools, minmay_cupped, uniq_pargi, uniq_grinder
D:5:      layout_gridville, doesnt_xom_only_xom, okawaru_ov_weapons_minmay,
          nicolae_overflow_crystal_walls, cheibrodos_sewer_entry_drain
D:6:      layout_gridville, nicolae_ashenzari_skybound,
          minmay_temple_entry_drinking_statues, kennysheep_generic_room_8,
          uniq_pikel
D:7:      layout_loops_ring
D:8:      layout_cave_pools, nicolae_dithmenos_through_a_glass_darkly,
          minitemple, nicolae_uskayaw_dance_hall, doesnt_shop_hydraphobe,
          uniq_psyche
D:9:      hellmonk_destroyed_diamonds, layout_gridville, uniq_maggie
D:10:     layout_loops_ring, lair_entry_dummy, minmay_holes
D:11:     layout_loops_ring, orc_david_3, minmay_misc_feat_hallway
Temple:   hellmonk_temple_beads
Lair:1:   layout_cave_pods, kennysheep_rathole, grunt_megastairs_3
Lair:2:   hangedman_what_comes_after_a, layout_loops_ring,
          minmay_swamp_entry_reptiles, gammafunk_ghost_grave,
          nicolae_quartered_pool_little
Lair:3:   layout_cave_pods, nicolae_snake_entry_warm_welcome,
          beast_lair_carwin_2, grunt_megastairs_4
Lair:4:   layout_cave_pods, slime_entry_2, nicolae_lair_lakeside_cave, uniq_urug
Lair:5:   hangedman_lair_in_review, layout_big_grid,
          hangedman_lair_caniforms_friends

Skill      XL: |  1  2  3  4  5  6  7  8  9 10 11 12 13 14 |
---------------+-------------------------------------------+-----
Fighting       | 3 4 5 8 10 | 10.0
Ranged Weapons | 7 9 10 12 14 18 19 | 19.6
Dodging        | 4 6 10 14 | 14.0
Evocations     | 6 10 | 10.0
Armour         | 4 |  4.0
Spellcasting   | 6 |  6.0
Invocations    | 5 6 7 9 |  9.0
Stealth        | |  1.3

Action                     |  1- 3 |  4- 6 |  7- 9 | 10-12 | 13-15 || total
---------------------------+-------+-------+-------+-------+-------++-------
  Melee: Shortbow          |       |     1 |     1 |       |       ||     2
   Fire: Shortbow          |    84 |   102 |   281 |   585 |   690 ||  1742
 Invoke: Recall Ancestor   |       |       |       |     5 |     4 ||     9
         Ancestor Life: Kn |       |       |       |     1 |       ||     1
         Idealise          |       |       |       |       |     3 ||     3
    Use: Scroll            |     3 |     6 |     7 |    11 |     6 ||    33
         Potion            |       |     1 |       |     3 |     2 ||     6
 Armour: Leather armour    |    13 |    13 |    19 |     5 |       ||    50
         Steam dragon scal |       |       |       |    14 |    59 ||    73
  Dodge: Dodged            |    34 |    34 |   183 |   275 |   532 ||  1058
         Repelled          |       |       |       |       |     2 ||     2

Table legend: (Time is in decaauts)
 A = Elapsed time spent in this place.
 B = Non-inter-level travel time spent in this place.
 C = Inter-level travel time spent in this place.
 D = Time resting spent in this place.
 E = Time spent auto-exploring this place.
 F = Levels seen in this place.
 G = Mean time per level.
                   A        B        C        D        E       F      G
               +--------+--------+--------+--------+--------+-----+--------+
         Total |  18907 |  18139 |    768 |   4051 |  11641 |  18 | 1050.4 |
       Dungeon |  11622 |  11195 |    427 |   2337 |   7514 |  11 | 1056.5 |
        Temple |    162 |     98 |     64 |      0 |     88 |   1 |  162.0 |
          Lair |   6711 |   6435 |    276 |   1489 |   3918 |   5 | 1342.2 |
         Sewer |    410 |    410 |      0 |    225 |    120 |   1 |  410.0 |
               +--------+--------+--------+--------+--------+-----+--------+

Top non-repeatable levels by time:
  Lair:4: 1925 daAuts
  Lair:2: 1924 daAuts
     D:9: 1574 daAuts
     D:5: 1367 daAuts
     D:4: 1279 daAuts
     D:3: 1142 daAuts
     D:6: 1108 daAuts
  Lair:1: 1057 daAuts
  Lair:3: 1051 daAuts
     D:1: 991 daAuts
     D:2: 963 daAuts
     D:7: 893 daAuts
    D:10: 842 daAuts
  Lair:5: 752 daAuts
     D:8: 749 daAuts
